 Dungeon Crawl Stone Soup version 0.24.0-123-gd5b16e6ec5 (webtiles) character file.

Game seed: 4111545953123769329, levelgen mode: deterministic

363 FishyPogo the Covered (level 6, -28/47 HPs)
             Began as a Demonspawn Gladiator on Feb 3, 2020.
             Was a Follower of Okawaru.
             Killed from afar by a worker ant (36 damage)
             ... with an exploding inner flame
             ... hexed by the player character
             ... on level 5 of the Dungeon.
             The game lasted 00:10:48 (2646 turns).

FishyPogo the Covered (Demonspawn Gladiator)        Turns: 2646, Time: 00:10:49

Health: -28/47     AC:  5    Str: 16    XL:     6   Next: 39%
Magic:  6/6        EV: 13    Int: 10    God:    Okawaru [*.....]
Gold:   197        SH:  4    Dex: 14    Spells: 5/5 levels left

rFire    . . .     SeeInvis .   A - +0 dagger (curse)
rCold    . . .     Gourm    .   (no shield)
rNeg     . . .     Faith    .   b - +0 leather armour
rPois    .         Spirit   .   c - +0 helmet
rElec    .         Reflect  .   t - +0 cloak (curse)
rCorr    .         Harm     .   (no gloves)
MR       .....                  (no boots)
Stlth    ++........             (no amulet)
HPRegen  0.15/turn              (no ring)
MPRegen  0.10/turn              (no ring)

@: no status effects
A: hooves 1, large bone plates 1, nightstalker 1
a: Heroism, Renounce Religion


You were on level 5 of the Dungeon.
You worshipped Okawaru.
Okawaru was aware of your devotion.
You were not hungry.

You visited 1 branch of the dungeon, and saw 5 of its levels.

You collected 197 gold pieces.

Inventory:

Hand Weapons
 a - a +0 rapier
 p - a +0 whip of venom
 x - a +0 spear of venom
 A - a cursed +0 dagger (weapon)
Missiles
 d - 3 throwing nets
 j - 114 stones
 l - 5 boomerangs (quivered)
Armour
 b - a +0 leather armour (worn)
 c - a +0 helmet (worn)
 t - a cursed +0 cloak (worn)
Scrolls
 e - 5 scrolls of identify {unknown}
 i - a scroll of teleportation {unknown}
 k - 2 scrolls of amnesia
 n - a scroll of enchant weapon {unknown}
 r - 2 scrolls of remove curse {unknown}
 v - a scroll of fog {unknown}
 y - 2 scrolls of enchant armour {unknown}
Potions
 g - a potion of lignification {unknown}
 m - 2 potions of degeneration {unknown}
 q - a potion of flight {unknown}
 s - a potion of agility {unknown}
 w - a potion of haste {unknown}
 z - 4 potions of heal wounds {unknown}
Comestibles
 f - 2 rations
 h - 3 chunks of flesh


   Skills:
 + Level 3.3 Fighting
 - Level 3.0 Short Blades
 * Level 3.0 Maces & Flails
 - Level 2.0 Throwing
 * Level 3.4 Armour
 - Level 3.0 Dodging
 + Level 0.2 Stealth
 + Level 0.4 Invocations


You had 5 spell levels left.
You didn't know any spells.
Your spell library was empty.

Dungeon Overview and Level Annotations

Branches:
Dungeon (5/15)
 Temple: D:4-7

Altars:
Fedhas
Hepliaklqana
Makhleb
Okawaru

Annotations:
D:4 exclusion: oklob plant, Edmund


Innate Abilities, Weirdness & Mutations

You have large cloven feet.
You are partially covered in large bone plates. (SH +4)
You are slightly more attuned to the shadows.


Message History

You are poisoned.
The worker ant poisons you!
You feel better. You block the worker ant's attack.
The worker ant closely misses you.
You hit the worker ant but do no damage.
You kick the worker ant, but do no damage.
The worker ant is almost dead.
The worker ant bites you.
* * * LOW HITPOINT WARNING * * *
You hit the worker ant but do no damage.
The worker ant is almost dead.
The worker ant barely misses you.
You hit the worker ant but do no damage.
The worker ant is almost dead.
You block the worker ant's attack.
You hit the worker ant.
The worker ant explodes!
The fiery explosion engulfs you!!!
Ouch! That really hurt!
You die...

.......#
.......#
.......#
.......#
.....§§+
.....§§#
#..§@#
#....#
.......#
.......#
......?#
.......#
.......#


There were no monsters in sight!

Vanquished Creatures
  An ogre (D:3)
  A hound (D:3)
  A centaur skeleton (D:4)
  An iguana (D:3)
  8 adders
  An ooze (D:1)
  An adder skeleton (D:2)
  4 worms
  2 dart slugs
  2 leopard geckos
  An orc (D:3)
  2 ball pythons
  6 giant cockroaches
  9 hobgoblins
  14 jackals
  10 kobolds
  4 quokkas
  10 bats
  6 frilled lizards
  5 goblins
  9 rats
98 creatures vanquished.

Vanquished Creatures (others)
  13 toadstools (D:4)
13 creatures vanquished.

Grand Total: 111 creatures vanquished

Notes
Turn   | Place    | Note
-------+----------+-------------------------------------------
     0 | D:1      | FishyPogo the Demonspawn Gladiator began the quest for the
                  | Orb.
     0 | D:1      | Reached XP level 1. HP: 16/16 MP: 1/1
   281 | D:1      | Gained mutation: You have large cloven feet. [demonic
                  | ancestry]
   281 | D:1      | Reached XP level 2. HP: 22/22 MP: 2/2
   477 | D:1      | Reached skill level 1 in Armour
   687 | D:1      | Gained mutation: You are partially covered in large bone
                  | plates. (SH +4) [demonic ancestry]
   687 | D:1      | Reached XP level 3. HP: 22/27 MP: 3/3
  1194 | D:2      | Found an iron altar of Okawaru.
  1212 | D:2      | Reached skill level 1 in Maces & Flails
  1223 | D:2      | Reached XP level 4. HP: 26/34 MP: 4/4
  1224 | D:2      | Became a worshipper of Warmaster Okawaru
  1787 | D:2      | Reached XP level 5. HP: 35/40 MP: 5/5
  2033 | D:3      | Found a burning altar of Makhleb.
  2125 | D:3      | Reached * piety under Okawaru
  2265 | D:3      | Noticed an ogre
  2277 | D:3      | Killed an ogre
  2277 | D:3      | Gained mutation: You are slightly more attuned to the
                  | shadows. [demonic ancestry]
  2277 | D:3      | Reached XP level 6. HP: 26/47 MP: 6/6
  2364 | D:3      | Found a hazy altar of Hepliaklqana.
  2560 | D:4      | Found a blossoming altar of Fedhas.
  2578 | D:4      | Noticed an oklob plant
  2613 | D:4      | Noticed Edmund
  2637 | D:5      | Entered Level 5 of the Dungeon
  2646 | D:5      | Killed from afar by a worker ant

Levels and vault maps discovered:
D:1:      dpeg_arrival_central, layout_basic
D:2:      minmay_inner_zag, layout_loops_cross, okawaru_ov_weapons_minmay,
          kennysheep_generic_room_15
D:3:      layout_rooms, marbit_many_paths, makhleb_blood_cavern_becter
D:4:      layout_basic, minmay_temple_entry_waves, serial_shops,
          kennysheep_mini, chequers_serial_rivers_micro_d, tgw_fedhas,
          uniq_edmund
D:5:      layout_gridville, first_ration, chequers_serial_rivers_room_a

Skill      XL: |  1  2  3  4  5  6 |
---------------+-------------------+-----
Throwing       | 2 |  2.0
Armour         | 1 2 3 |  3.4
Dodging        | 3 |  3.0
Short Blades   | 3 |  3.0
Maces & Flails | 1 2 3 |  3.0
Fighting       | 3 |  3.3
Stealth        | |  0.2
Invocations    | |  0.4

Action                   |  1- 3 |  4- 6 || total
-------------------------+-------+-------++-------
Melee: Rapier            |    41 |       ||    41
       Whip              |    64 |   116 ||   180
       Kick              |    17 |    87 ||   104
       Dagger            |       |   144 ||   144
Throw: Stone             |     3 |     2 ||     5
       Boomerang         |       |     4 ||     4
  Use: Scroll            |       |     2 ||     2
       Potion            |       |     2 ||     2
 Stab: Sleeping          |     2 |       ||     2
  Eat: Chunk             |     1 |     5 ||     6
Armor: Leather armour    |    26 |    46 ||    72
Dodge: Dodged            |    57 |   151 ||   208
Block: Other             |    10 |    51 ||    61
